 Dungeon Crawl Stone Soup version 0.28-a0-1510-gd0f6b136d3 (webtiles) character file.

Game seed: 13702016082256196495

4 enile the Insei (level 1, -1/13 HPs)
             Began as an Octopode Wanderer on Jan 15, 2022.
             Frozen to death by an endoplasm (3 damage)
             ... on level 1 of the Dungeon.
             The game lasted 00:00:14 (31 turns).

enile the Insei (Octopode Wanderer)                   Turns: 31, Time: 00:00:15

Health: -1/13      AC:  1    Str:  9    XL:     1   Next: 60%
Magic:  1/1        EV: 13    Int: 14    God:
Gold:   0          SH:  0    Dex: 13    Spells: 0/0 levels left

rFire   . . .      SeeInvis .   a - +0 quarterstaff
rCold   . . .      Faith    .   (shield currently unavailable)
rNeg    . . .      Spirit   .   c - +0 hat
rPois   .          Reflect  .   (no amulet)
rElec   .          Harm     .   (no ring)
rCorr   .          Rampage  .   (no ring)
Will    .....                   (no ring)
Stlth   ++........              (no ring)
HPRegen 0.04/turn               (no ring)
MPRegen 0.07/turn               (no ring)
                                (no ring)
                                (no ring)

@: no status effects
A: almost no armour, amphibious, 8 rings, camouflage 1, gelatinous body 1,
(nimble swimmer 1), tentacles
a: no special abilities


You were on level 1 of the Dungeon.
You visited 1 branch of the dungeon, and saw 1 of its levels.

Inventory:

Hand Weapons
 a - a +0 quarterstaff (weapon)
Armour
 c - a +0 hat (worn)
Potions
 b - 2 potions of haste


   Skills:
 + Level 1.6 Fighting
 - Level 2.0 Staves
 - Level 2.0 Dodging
 - Level 3.0 Unarmed Combat
 - Level 2.1 Evocations


You couldn't memorise any spells.
You didn't know any spells.
Your spell library was empty.

Dungeon Overview and Level Annotations

Branches:
Dungeon (1/15)

Altars:


Innate Abilities, Weirdness & Mutations

You cannot wear most types of armour.
You are amphibious.
You can wear up to eight rings at the same time.
Your skin changes colour to match your surroundings (Stealth+).
Your rubbery body absorbs attacks. (AC +1, EV +1)
((You are camouflaged when in or above water. (Stealth+)))
You have tentacles for arms and can constrict up to eight enemies at once.


Message History

Welcome, enile the Octopode Wanderer.
They say the Orb of Zot lies within this dungeon, but they say a lot of things.
Press ? for a list of commands and other information.
Found a staircase leading out of the dungeon.
You begin with the following items: a +0 quarterstaff, 2 potions of haste, a +0 hat.
A hobgoblin comes into view.
Found a scroll labelled TENTOALLOA.
A hobgoblin is nearby!
A hobgoblin is nearby!
A hobgoblin is nearby!
The hobgoblin shouts!
The goblin shouts!
Found a stone staircase leading down.
An endoplasm comes into view.
You hit the hobgoblin. Your grab misses the hobgoblin.
The hobgoblin is almost dead.
The hobgoblin completely misses you. The hobgoblin barely misses you.
You barely miss the hobgoblin. You grab the hobgoblin.
The hobgoblin is almost dead.
You constrict the hobgoblin.
You kill the hobgoblin!
An endoplasm comes into view.
The endoplasm freezes you.
You are frozen.
You hit the endoplasm.
The endoplasm is moderately wounded.
The endoplasm freezes you.
You are frozen.
The goblin misses you.
You hit the endoplasm.
You kill the endoplasm!
The goblin hits you with a +0 club.
* * * LOW HITPOINT WARNING * * *
You hit the goblin. Your grab misses the goblin. You squeeze the goblin.
You kill the goblin!
You hit the endoplasm.
The endoplasm is heavily wounded.
The endoplasm freezes you.
You are frozen.
You die...

#.# #.# # ....# .#
#.#.#####
....###........
...>....#.#
.#..###...# #J#......
######@#######
#?............#####
....#######.......###
J# .....###......##
........###....#
#####......#...##
###.....#...#
##....#...#
##....#...#


You could see 2 endoplasms.

Vanquished Creatures
  An endoplasm (D:1)
  A goblin (D:1)
  A hobgoblin (D:1)
3 creatures vanquished.

Notes
Turn   | Place    | Note
-------+----------+-------------------------------------------
     0 | D:1      | enile the Octopode Wanderer began the quest for the Orb.
     0 | D:1      | enile set off with the following items: a +0 quarterstaff,
                  | 2 potions of haste, a +0 hat
     0 | D:1      | Reached XP level 1. HP: 13/13 MP: 1/1
    31 | D:1      | Frozen to death by an endoplasm

Illustrated notes

Levels and vault maps discovered:
D:1:      dpeg_arrival_oval, layout_loops_ring,
          shapermc_ecumenical_altar_totnotflames

Action                   || total
-------------------------++-------
Melee: Quarterstaff      ||     6
       Constrict         ||     1
       Tentacles         ||     1
Dodge: Dodged            ||     3

Table legend: (Time is in decaauts)
 A = Elapsed time spent in this place.
 B = Non-inter-level travel time spent in this place.
 C = Inter-level travel time spent in this place.
 D = Time resting spent in this place.
 E = Time spent auto-exploring this place.
 F = Levels seen in this place.
 G = Mean time per level.
                   A        B        C        D        E       F      G
               +--------+--------+--------+--------+--------+-----+--------+
         Total |     32 |     32 |      0 |      0 |     18 |   1 |   32.0 |
       Dungeon |     32 |     32 |      0 |      0 |     18 |   1 |   32.0 |
               +--------+--------+--------+--------+--------+-----+--------+

Top non-repeatable levels by time:
     D:1: 32 daAuts
